 Dungeon Crawl Stone Soup version 0.30.0-21-gd299b56b3f (webtiles) character file.

Game seed: 15461352500852387587

170 qw the Chopper (level 5, 0/32 HPs)
             Began as a Gargoyle Fighter on June 2, 2023.
             Slain by a gnoll
             ... wielding a +0 halberd
              (4 damage)
             ... on level 2 of the Dungeon.
             The game lasted 00:00:52 (1477 turns).

qw the Chopper (Gargoyle Fighter)                   Turns: 1477, Time: 00:00:53

Health: 0/32       AC: 13    Str: 22    XL:     5   Next: 50%
Magic:  5/5        EV:  8    Int:  8    God:
Gold:   95         SH:  4    Dex:  9    Spells: 4/4 levels left

rFire   . . .        Y - +0 war axe
rCold   . . .        c - +0 buckler
rNeg    + . .        j - +0 chain mail
rPois   inf          (no helmet)
rElec   +            (no cloak)
rCorr   .            (no gloves)
SInv    .            (no boots)
Will    .....        (no amulet) Stlth
                     (no ring)
HPRegen 0.25/turn    (no ring)
MPRegen 0.09/turn

%: no passive effects
@: no status effects
A: sickness immunity, AC +4, negative energy resistance 1, electricity
resistance, torment resistance 1, petrification resistance
a: no special abilities


You were on level 2 of the Dungeon.
You visited 1 branch of the dungeon, and saw 2 of its levels.

You collected 95 gold pieces.


Innate Abilities, Weirdness & Mutations

You are immune to sickness and miasma.
Your stone body is resilient. (AC +4)
You are immune to poison.
You resist negative energy. (rN+)
You are resistant to electric shocks. (rElec)
You are resistant to unholy torment.
You are immune to petrification.


   Skills:
 + Level 3.4 Fighting
 - Level 5.0 Axes
 - Level 3.2 Armour
 - Level 3.2 Shields


You had 4 spell levels left.
You didn't know any spells.
Your spell library was empty.

Inventory:

Hand Weapons
 h - a +0 whip
 Y - a +0 war axe (weapon)
Armour
 c - a +0 buckler (worn)
 j - a +0 chain mail (worn)
Jewellery
 f - a +6 ring of strength
Scrolls
 a - a scroll of identify
 i - 3 scrolls of teleportation {unknown}
Potions
 b - a potion of invisibility {unknown}
 d - a potion of might
 e - a potion of brilliance {unknown}
 g - a potion of mutation
 k - a potion of flight {unknown}
 m - a potion of lignification {unknown}

Dungeon Overview and Level Annotations

Branches:
Dungeon (2/15)

Altars:
Trog


Message History

Your Axes skill increases to level 5!
You hit the adder.
The adder is heavily wounded.
You hit the rat.
You kill the rat!
You block the adder's attack. The gnoll hits you but does no damage.
You barely miss the adder.
The adder is heavily wounded.
You block the adder's attack.
The gnoll hits you from afar with a +0 halberd!
The gnoll hits you but does no damage. The adder bites you but does no damage.
You barely miss the adder.
The adder is heavily wounded.
You block the adder's attack. The gnoll barely misses you.
The gnoll hits you but does no damage. The adder bites you but does no damage.
The gnoll closely misses you. The gnoll hits you but does no damage.
You barely miss the adder.
The adder is heavily wounded.
The adder bites you but does no damage. The gnoll closely misses you.
The gnoll hits you from afar with a +0 halberd.
You block the adder's attack.
You slash the adder!
You kill the adder!
The gnoll barely misses you.
The gnoll hits you from afar with a +0 halberd.
A kobold comes into view. It is wielding a +0 dagger.
The kobold shouts!
The gnoll barely misses you. The gnoll hits you but does no damage.
You see here a +0 flail.
Enter note:
Enter note:
Enter note:
Enter note:
Enter note:
Enter note: You closely miss the gnoll. x2
The gnoll barely misses you. x2
You barely miss the gnoll. You slash the gnoll!
The gnoll hits you with a +0 halberd.
You die...

..# ####..#####
#............. .##
#### #.........#...
## #.........#... #
#............_ ##
..........#... .# .
####.>...###... .#
..8######
#..........# .#
#.....g.###
#....#####.# .#
#.K..hg@'.###.....##
#.. .#
..8######..........#
### .# #####.....##
.# ##...## .# ##..#
.# #.## ## .# ###
### #.# #. #####.#
#.## #.# #. .....##
##.# #.# #.


You could see 2 gnolls, a jackal and a kobold.

Vanquished Creatures
  Jessica (D:2)
  Natasha (thrice) (D:2)
  A gnoll (D:2)
  2 adders (D:2)
  2 worms (D:2)
  5 endoplasms
  A giant cockroach (D:1)
  6 goblins
  2 hobgoblins (D:1)
  2 jackals (D:1)
  3 kobolds
  7 ball pythons
  2 bats (D:1)
  A frilled lizard (D:1)
  4 rats
42 creatures vanquished.

Notes
Turn   | Place    | Note
-------+----------+-------------------------------------------
     0 | D:1      | qw the Gargoyle Fighter began the quest for the Orb.
     0 | D:1      | Reached XP level 1. HP: 14/14 MP: 1/1
     0 | D:1      | 0 ||| qw: Version: 0.2-a-102-gdf20003
     0 | D:1      | 0 ||| qw: Game counter: 876
     0 | D:1      | 0 ||| qw: Always use a shield: true
     0 | D:1      | 0 ||| qw: God list: Okawaru
     0 | D:1      | 0 ||| qw: Allow faded altars: false
     0 | D:1      | 0 ||| qw: Do Orc after D:15 true
     0 | D:1      | 0 ||| qw: Do second Lair branch before Depths: true
     0 | D:1      | 0 ||| qw: Lair rune preference: random
     0 | D:1      | 0 ||| qw: Plans: Normal, Zot:1-4, Slime:5, God:TSO, Crypt,
                  | Tomb, Pan, Hells, Abyss, Win
     0 | D:1      | 0 ||| PLANNING D:1-11
   125 | D:1      | Reached skill level 2 in Axes
   215 | D:1      | Reached XP level 2. HP: 19/19 MP: 2/2
   351 | D:1      | 351 ||| Stepping ~*~*~tactically~*~*~ (stealth).
   594 | D:1      | 594 ||| Stepping ~*~*~tactically~*~*~ (stealth).
   598 | D:1      | Reached skill level 3 in Axes
   644 | D:1      | 644 ||| DROPPING scarf of harm.
   645 | D:1      | 645 ||| UPGRADING to +0 chain mail.
   655 | D:1      | 655 ||| DROPPING +0 scale mail.
   656 | D:1      | 656 ||| DROPPING ring of wizardry.
   657 | D:1      | 657 ||| READING 3 scrolls labelled MOEZIRYSTRA.
   658 | D:1      | 658 ||| READING scroll labelled KODDOT HAHIV.
   659 | D:1      | 659 ||| READING 2 scrolls of identify.
   659 | D:1      | 659 ||| IDENTIFYING viscous emerald potion
   674 | D:2      | Reached XP level 3. HP: 23/23 MP: 3/3
   724 | D:2      | Noticed Natasha
   731 | D:2      | Killed Natasha
   795 | D:2      | Reached XP level 4. HP: 19/28 MP: 4/4
   850 | D:2      | Found a bloodstained altar of Trog.
   908 | D:2      | Reached skill level 4 in Axes
  1013 | D:2      | Noticed Natasha
  1014 | D:2      | 1014 ||| Stepping ~*~*~tactically~*~*~ (stealth).
  1023 | D:2      | Killed Natasha
  1272 | D:2      | Identified the +1 leather armour of Good Intentions {rF+
                  | MP+9}
  1273 | D:2      | Noticed Jessica
  1286 | D:2      | Killed Jessica
  1287 | D:2      | Reached XP level 5. HP: 10/32 MP: 5/5
  1424 | D:2      | Noticed Natasha
  1425 | D:2      | 1425 ||| Stepping ~*~*~tactically~*~*~ (stealth).
  1427 | D:2      | 1427 ||| Stepping ~*~*~tactically~*~*~ (hiding).
  1438 | D:2      | Killed Natasha
  1459 | D:2      | 1459 ||| Stepping ~*~*~tactically~*~*~ (stealth).
  1470 | D:2      | Reached skill level 5 in Axes
  1471 | D:2      | HP: 8/32 [gnoll/+0 halberd (10)]
  1474 | D:2      | HP: 3/32 [gnoll/+0 halberd (3)]
  1477 | D:2      | Slain by a gnoll

Levels and vault maps discovered:
D:1:      heliophobic_arrival_battle_scene, layout_loops_ring
D:2:      minmay_chambers_of_twos, layout_loops_ring, basic_altar, uniq_natasha,
          uniq_jessica

Skill      XL: |  1  2  3  4  5 |
---------------+----------------+-----
Axes           | 2 3 4 5 |  5.0
Fighting       | |  3.4
Armour         | |  3.2
Shields        | |  3.2

Action                     |  1- 3 |  4- 6 || total
---------------------------+-------+-------++-------
  Melee: War axe           |    91 |    54 ||   145
    Use: Scroll            |     3 |       ||     3
 Armour: Scale mail        |    28 |       ||    28
         Chain mail        |     7 |    34 ||    41
  Dodge: Dodged            |    39 |    20 ||    59
  Block: Buckler           |     9 |    12 ||    21

Table legend:
 A = Non-vault XP
 B = Vault XP
 C = Vault XP percentage of total XP
 D = Non-vault monster count
 E = Vault monster count
 F = Vault count percentage of total count
                 A         B        C        D         E       F
            +---------+---------+-------+---------+---------+-------
      Total |     156 |      87 |  35.8 |      38 |       4 |   9.5
            +---------+---------+-------+---------+---------+-------
        D:1 |      31 |       0 |   0.0 |      20 |       0 |   0.0
        D:2 |     125 |      87 |  41.0 |      18 |       4 |  18.2
            +---------+---------+-------+---------+---------+-------
